 Dungeon Crawl Stone Soup version 0.32-a0-900-g30fb1b0edc (webtiles) character file.

Game seed: 784121192004855146

436 Fodor the Chopper (level 6, 0/55 HPs)
             Began as a Minotaur Fighter on Apr 5, 2024.
             Killed by nerve-wracking pain
             ... invoked by an orc priest
              (13 damage)
             ... on level 4 of the Dungeon.
             The game lasted 00:06:22 (2257 turns).

Fodor the Chopper (Minotaur Fighter)                Turns: 2257, Time: 00:06:23

Health: 0/55       AC:  9    Str: 23    XL:     6   Next: 68%
Magic:  5/5        EV:  9    Int:  5    God:
Gold:   262        SH:  4    Dex:  9    Spells: 5/5 levels left

rFire   . . .        a - +0 war axe
rCold   + . .        c - +0 buckler
rNeg    . . .        b - +0 scale mail
rPois   .            (helmet restricted)
rElec   .            t - +0 cloak
rCorr   .            x - +0 pair of gloves
SInv    .            (no boots)
Will    .....        (no amulet) Stlth
                     h - ring of protection from cold
HPRegen 0.29/turn    (no ring)
MPRegen 0.09/turn

%: no passive effects
@: no status effects
A: horns 2, retaliatory headbutt
a: Convert to Beogh


You were on level 4 of the Dungeon.
You visited 1 branch of the dungeon, and saw 4 of its levels.

You collected 262 gold pieces.

Inventory:

Hand Weapons
 a - a +0 war axe (weapon)
Armour
 b - a +0 scale mail (worn)
 c - a +0 buckler (worn)
 k - a scarf of resistance
 t - a +0 cloak (worn)
 x - a +0 pair of gloves (worn)
Jewellery
 h - a ring of protection from cold (left hand)
 n - a ring of flight
 q - a ring of see invisible
 z - a ring of protection from fire
Scrolls
 e - a scroll of fog {unknown}
 g - a scroll of brand weapon {unknown}
 j - a scroll of noise {unknown}
 p - a scroll of poison {unknown}
 r - a scroll of revelation
 s - a scroll of immolation
 u - a scroll of amnesia
 y - a scroll of teleportation
Potions
 d - a potion of might
 f - a potion of curing {unknown}
 i - 2 potions of degeneration {unknown}
 l - a potion of invisibility {unknown}
 m - a potion of mutation {unknown}
 v - a potion of enlightenment {unknown}
 w - a potion of lignification {unknown}


   Skills:
 + Level 4.8 Fighting
 + Level 5.9 Axes
 + Level 5.4 Armour
 + Level 1.1 Dodging
 + Level 4.8 Shields


You had 5 spell levels left.
You didn't know any spells.
Your spell library contained the following spells:

 Spells                   Type           Power      Damage    Failure   Level
 Sandblast                Erth           0%         2d4       83%         1
 Slow                     Hex            0%         N/A       83%         1
 Confusing Touch          Hex            0%         N/A       99%         3
 Stone Arrow              Conj/Erth      0%         3d7       99%         3
 Vampiric Draining        Necr           0%         2d6       99%         3
 Brom's Barrelling Bould  Conj/Erth      0%         2d3       100%        4


Dungeon Overview and Level Annotations

Branches:
Dungeon (4/15)
 Temple: D:4-7

Altars:
Wu Jian


Innate Abilities, Weirdness & Mutations

You have a pair of horns on your head.
You reflexively headbutt those who attack you in melee.


Message History

The orc priest shouts, "Surrender to Beogh and we'll let you live!"
The adder completely misses you. The adder bites you but does no damage.
The orc priest shouts, "The Pantheon deserves no one's loyalty.
Let us show you the true path!"
You slice the adder!!
You kill the adder!
You closely miss the orc priest. You headbutt the orc priest.
The orc priest is lightly wounded.
The orc priest mumbles some strange prayers to Beogh against you.
Beogh smites you!
* * * LOW HITPOINT WARNING * * *
You closely miss the orc priest. Your headbutt misses the orc priest.
The orc priest is lightly wounded.
You block the orc priest's attack.
You hit the orc priest but do no damage.
The orc priest is lightly wounded.
The orc priest hits you with a +0 dagger.
* * * LOW HITPOINT WARNING * * *
The kobold throws a stone.
You block the stone.
You slash the orc priest!
The orc priest is almost dead.
The orc priest hits you but does no damage.
The kobold hits you but does no damage.
The orc priest casts a cantrip, but nothing happens.
You hit the orc priest but do no damage.
The orc priest is almost dead.
You hit the kobold.
You kill the kobold!
The orc priest hits you but does no damage.
You barely miss the orc priest.
The orc priest is almost dead.
The orc priest barely misses you.
You barely miss the orc priest. Your headbutt misses the orc priest.
The orc priest is almost dead.
The orc priest calls down the wrath of Beogh upon you.
You barely resist. You closely miss the orc priest.
The orc priest is almost dead.
The orc priest calls down the wrath of Beogh upon you.
Pain shoots through your body!
You die...

,,,,,,,,,,,,,,,,,,,*,,,,,,,,,,,*,
,**.##.##....##.##***,,,,**,,,,**
,**+##.########+##,**,,.,**,,,,**
,,#....#>.........,,,,..,*,,,,,,*
.,#....#.........?,,,...,*,,,,,,*
..#....#o...(.....,,....,*,,,,,,*
..#....##.......##,.....,*,,,,,,*
.##....######+####......,*,,,,,,*
.##<...##.......@o......,**,,,***
.##............)##......,***+****
.##.....†.....[.##,....>,**,,,,*,
................+.,,....,,,,,,,*,
.##....##.......##,,,...,,,,,,,*,
.##....##.......##,,,,..,,,,,,,*,
..†.............#.,,,,,.,,,,,,,,,
................+.,,,,,,,,~~,~~,,
................#,,,,,,,~,,~,~,,~


You could see an orc priest.

Vanquished Creatures
  Grinder (D:3)
  An iguana (D:4)
  2 orc wizards (D:4)
  9 adders
  3 dart slugs
  2 ribbon worms (D:2)
  6 orcs (D:4)
  9 bats
  6 endoplasms
  2 giant cockroaches
  8 goblins
  5 hobgoblins
  9 kobolds
  3 ball pythons
  3 frilled lizards
  3 rats (D:1)
72 creatures vanquished.

Notes
Turn   | Place    | Note
-------+----------+-------------------------------------------
     0 | D:1      | Fodor the Minotaur Fighter began the quest for the Orb.
     0 | D:1      | Reached XP level 1. HP: 19/19 MP: 0/0
   159 | D:1      | Reached XP level 2. HP: 22/27 MP: 1/1
   455 | D:2      | Found a faded altar of an unknown god.
   543 | D:2      | Reached XP level 3. HP: 29/33 MP: 2/2
   723 | D:2      | Reached XP level 4. HP: 40/40 MP: 3/3
  1336 | D:3      | Noticed Grinder
  1349 | D:3      | Paralysed by Grinder for 5 turns
  1369 | D:3      | Paralysed by Grinder for 4 turns
  1375 | D:3      | Killed Grinder
  1376 | D:3      | Reached skill level 5 in Axes
  1376 | D:3      | Reached skill level 5 in Armour
  1376 | D:3      | Reached skill level 1 in Dodging
  1376 | D:3      | Reached XP level 5. HP: 23/47 MP: 4/4
  1376 | D:3      | Reached XP level 6. HP: 26/53 MP: 5/5
  1712 | D:3      | Found an ornate altar of the Wu Jian Council.
  2257 | D:4      | Killed from afar by an orc priest

Illustrated notes

Levels and vault maps discovered:
D:1:      dpeg_arrival_arbitrary_b, layout_rooms
D:2:      layout_loops_cross, shapermc_ecumenical_altar_gd, minmay_mini_jars
D:3:      layout_loops_corners, mainiacjoe_overflow_cross_hatched,
          minmay_misc_feat_four_crosses, minmay_misc_feat_encased,
          minmay_tree_intersection, minmay_gold_behind_fungi,
          hangedman_decor_points, chequers_hall_statues_wall_a, uniq_grinder
D:4:      layout_gridville, mainiacjoe_overflow_small_starburst

Skill      XL: |  1  2  3  4 |
---------------+-------------+-----
Armour         | 4 5 |  5.4
Fighting       | 4 |  4.8
Shields        | 4 |  4.8
Axes           | 3 5 |  5.9
Dodging        | 1 |  1.1

Action                     |  1- 3 |  4- 6 || total
---------------------------+-------+-------++-------
  Melee: War axe           |    67 |   122 ||   189
         Headbutt          |    10 |    14 ||    24
    Use: Scroll            |       |     4 ||     4
 Armour: Scale mail        |    48 |    90 ||   138
  Dodge: Dodged            |    35 |    53 ||    88
  Block: Buckler           |    23 |    29 ||    52

Table legend: (Time is in decaauts)
 A = Elapsed time spent in this place.
 B = Non-inter-level travel time spent in this place.
 C = Inter-level travel time spent in this place.
 D = Time resting spent in this place.
 E = Time spent auto-exploring this place.
 F = Levels seen in this place.
 G = Mean time per level.
                   A        B        C        D        E       F      G
               +--------+--------+--------+--------+--------+-----+--------+
         Total |   2318 |   2318 |      0 |      0 |   1472 |   4 |  579.5 |
       Dungeon |   2318 |   2318 |      0 |      0 |   1472 |   4 |  579.5 |
               +--------+--------+--------+--------+--------+-----+--------+

Top non-repeatable levels by time:
     D:3: 937 daAuts
     D:2: 838 daAuts
     D:1: 432 daAuts
     D:4: 110 daAuts
